 Dungeon Crawl Stone Soup version 0.31-a0-229-g1fc7ce93e2 (webtiles) character file.

Game seed: 1881220058600229534

47 qw the Shooter (level 3, 0/21 HPs)
             Began as a Gargoyle Hexslinger on July 6, 2023.
             Slain by a bat (1 damage)
             ... summoned by Eustachio
             ... on level 4 of the Dungeon.
             The game lasted 00:00:24 (877 turns).

qw the Shooter (Gargoyle Hexslinger)                 Turns: 877, Time: 00:00:24

Health: 0/21       AC:  5    Str: 11      XL:     3   Next: 70%
Magic:  4/4        EV: 12    Int: 13      God:
Gold:   94         SH:  0    Dex: 12 (14) Spells: 3/4 levels left

rFire   . . .        Y - +1 sling
rCold   . . .        (no shield)
rNeg    + . .        c - +0 robe
rPois   inf          (no helmet)
rElec   +            (no cloak)
rCorr   .            (no gloves)
SInv    .            (no boots)
Will    .....        (no amulet)
Stlth   +            (no ring)
HPRegen 0.23/turn    (no ring)
MPRegen 0.09/turn

%: no passive effects
@: no status effects
A: sickness immunity, AC +3, negative energy resistance 1, electricity
resistance, torment resistance 1, petrification resistance
a: no special abilities


You were on level 4 of the Dungeon.
You visited 1 branch of the dungeon, and saw 3 of its levels.

You collected 94 gold pieces.


Innate Abilities, Weirdness & Mutations

You are immune to sickness and miasma.
Your stone body is resilient. (AC +3)
You are immune to poison.
You resist negative energy. (rN+)
You are resistant to electric shocks. (rElec)
You are resistant to unholy torment.
You are immune to petrification.


   Skills:
 - Level 2.2 Fighting
 + Level 3.4 Ranged Weapons
 - Level 1.5 Dodging
 - Level 1.0 Spellcasting
 - Level 2.6 Hexes


You had 3 spell levels left.
You knew the following spells:

 Your Spells              Type           Power      Damage    Failure   Level
a - Slow                  Hex            28%        N/A       10%         1

Your spell library contained the following spells:

 Spells                   Type           Power      Damage    Failure   Level
 Inner Flame              Hex/Fire       4%         N/A       43%         3
 Portal Projectile        Hex/Tloc       8%         N/A       43%         3
 Cause Fear               Hex            3%         N/A       67%         4

Inventory:

Hand Weapons
 Y - a +1 sling (weapon)
Armour
 a - a +0 pair of gloves
 c - a +0 robe (worn)
Scrolls
 g - 3 scrolls of identify
Potions
 b - a potion of brilliance {unknown}
 d - a potion of haste

Dungeon Overview and Level Annotations

Branches:
Dungeon (2/15)

Altars:

Annotations:
D:4 Eustachio


Message History

The crimson imp hits you but does no damage.
The quasit bites you. The quasit barely misses you.
The quasit claws you but does no damage.
You shoot a sling bullet. The sling bullet hits Eustachio.
Eustachio is lightly wounded.
The rat disappears in a puff of smoke!
The bat closely misses you. The bat misses you.
The bat hits you but does no damage.
Eustachio gestures wildly while chanting.
Eustachio blinks!
The crimson imp misses you. The shadow imp hits you.
The quasit bites you but does no damage.
The quasit claws you but does no damage.
The quasit barely misses you.
The crimson imp hits you but does no damage.
You shoot a sling bullet.
The sling bullet closely misses the shadow imp.
The bat hits you but does no damage. The bat closely misses you.
The bat completely misses you. The bat barely misses you.
The quasit misses you. The quasit barely misses you. The quasit claws you.
The shadow imp hits you. The bat hits you but does no damage.
Eustachio gestures wildly while chanting.
Eustachio blinks!
The quasit closely misses you.
The quasit claws you but does no damage.
The quasit closely misses you.
The crimson imp blinks!
The shadow imp gestures at you. Pain shoots through your body!
You shoot a sling bullet.
The sling bullet closely misses the shadow imp.
The bat closely misses you. The bat hits you but does no damage. x3
The bat hits you. The quasit misses you.
The quasit claws you but does no damage.
The quasit claws you.
You feel clumsy. The shadow imp closely misses you. The bat barely misses you.
The quasit bites you.
You feel clumsy. The quasit closely misses you. The quasit misses you.
You shoot a sling bullet. The sling bullet hits the shadow imp.
The shadow imp is lightly wounded.
The bat misses you. The bat hits you.
You die...

#####..... ####.........
#............ #.
#........@... #.##
#.....$...... ###..#
#........... ##....##
#..b5b......
#......###...@55.....
##........##..bb.....<
###.......#.............
#..........#............
.#.%.......#..#.........
##.........#..##########
#...........>#
#..........#.#
#..........#.#


You could see Eustachio, a quasit (summoned), a crimson imp (summoned), a shadow
imp (summoned) and 4 bats.

Vanquished Creatures
  2 adders
  A worm (D:4)
  2 bats (D:1)
  An endoplasm (D:2)
  4 goblins
  6 hobgoblins
  3 jackals (D:1)
  A quokka (D:1)
  A frilled lizard (D:1)
  4 rats (D:1)
25 creatures vanquished.

Notes
Turn   | Place    | Note
-------+----------+-------------------------------------------
     0 | D:1      | qw the Gargoyle Hexslinger began the quest for the Orb.
     0 | D:1      | Reached XP level 1. HP: 12/12 MP: 2/2
     0 | D:1      | 0 ||| qw: Version: 0.3-a-46-gb1f654a
     0 | D:1      | 0 ||| qw: Game counter: 1482
     0 | D:1      | 0 ||| qw: Melee chars always use a shield: true
     0 | D:1      | 0 ||| qw: God list: Okawaru
     0 | D:1      | 0 ||| qw: Allow faded altars: false
     0 | D:1      | 0 ||| qw: Do Orc after clearing Dungeon:15 true
     0 | D:1      | 0 ||| qw: Do second Lair branch before Depths: true
     0 | D:1      | 0 ||| qw: Lair rune preference: random
     0 | D:1      | 0 ||| qw: Goals: Normal
     0 | D:1      | 0 ||| PLANNING D:1-11
   315 | D:1      | Reached XP level 2. HP: 16/16 MP: 3/3
   431 | D:1      | Reached skill level 3 in Ranged Weapons
   549 | D:1      | 549 ||| READING scroll labelled HICYPL WEWN.
   553 | D:1      | 553 ||| READING scroll labelled DAL EZIZEWOC.
   554 | D:1      | 554 ||| READING 4 scrolls labelled GEOKHL SAIFUPIST.
   555 | D:1      | 555 ||| READING 3 scrolls of identify.
   555 | D:1      | 555 ||| IDENTIFYING red potion
   556 | D:1      | 556 ||| DROPPING scroll of poison.
   589 | D:2      | Reached XP level 3. HP: 21/21 MP: 4/4
   684 | D:2      | You fall into a shaft and drop 2 floors!
   860 | D:4      | Noticed Eustachio
   875 | D:4      | HP: 5/21 [shadow imp/nerve-wracking pain[Eustachio] (6)]
   876 | D:4      | HP: 1/21 [quasit[Eustachio] (2)]
   877 | D:4      | Slain by a bat

Levels and vault maps discovered:
D:1:      mrwooster_arrival_statue_2, layout_rooms, serial_forest,
          infiniplex_forest_lined_3, infiniplex_forest_lined_2,
          infiniplex_forest_clump_tiny, infiniplex_forest_straight_1,
          infiniplex_forest_clump_double
D:2:      cheibrodos_greedy_goblins, layout_loops_ring, uniq_crazy_yiuf_cottage,
          uniq_sigmund, uniq_robin
D:4:      layout_cave_pods, uniq_pikel, uniq_eustachio

Skill      XL: |  1  2 |
---------------+-------+-----
Ranged Weapons | 3 |  3.4
Fighting       | 2 |  2.2
Dodging        | |  1.5
Spellcasting   | |  1.0
Hexes          | |  2.6

Action                     || total
---------------------------++-------
   Fire: Sling             ||   113
    Use: Scroll            ||     4
 Armour: Robe              ||    37
  Dodge: Dodged            ||    86

Table legend:
 A = Non-vault XP
 B = Vault XP
 C = Vault XP percentage of total XP
 D = Non-vault monster count
 E = Vault monster count
 F = Vault count percentage of total count
                 A         B        C        D         E       F
            +---------+---------+-------+---------+---------+-------
      Total |      68 |       0 |   0.0 |      25 |       0 |   0.0
            +---------+---------+-------+---------+---------+-------
        D:1 |      26 |       0 |   0.0 |      16 |       0 |   0.0
        D:2 |      19 |       0 |   0.0 |       4 |       0 |   0.0
        D:4 |      23 |       0 |   0.0 |       5 |       0 |   0.0
            +---------+---------+-------+---------+---------+-------
